 Dungeon Sprint DCSS version 0.28.0-53-g5a82cb258f (webtiles) character file.

Game seed: 117413637884103205

1101 Zeld the Frost Mage (level 8, -1/41 HPs)
             Began as a Gargoyle Ice Elementalist on June 2, 2022.
             Was a Priest of Sif Muna.
             Slain by a killer bee (4 damage)
             ... in the Dungeon (Sprint IV: "Fedhas' Mad Dash").
             The game lasted 00:02:04 (1732 turns).

Zeld the Frost Mage (Gargoyle Ice Elementalist)     Turns: 1732, Time: 00:02:05

Health: -1/41      AC:  7    Str: 13    XL:     8   Next: 32%
Magic:  13/24      EV: 11    Int: 17    God:    Sif Muna [***...]
Gold:   127        SH:  3    Dex: 10    Spells: 24/31 levels left

rFire   . . .      SeeInvis .   (no weapon)
rCold   . . .      Faith    .   k - +0 buckler {reflect}
rNeg    + . .      Spirit   .   a - +0 robe
rPois   ∞          Reflect  +   (no helmet)
rElec   +          Harm     .   (no cloak)
rCorr   .          Rampage  .   (no gloves)
Will    .....      NoTele   +   (no boots)
Stlth   ++........              j - amulet of invisibility {+Inv}
HPRegen 0.13/turn               (no ring)
MPRegen 0.19/turn               (no ring)

@: freezing walls, very slightly contaminated
A: sickness immunity, AC +5, negative energy resistance 1, electricity
resistance, torment resistance 1, petrification resistance
a: Renounce Religion, Evoke Invisibility, Channel Magic, Forget Spell


You were in the Dungeon.
You worshipped Sif Muna.
Sif Muna was most pleased with you.
You visited 1 branch You collected 127 gold pieces.

Inventory:

Armour
 a - a +0 robe (worn)
 k - a +0 buckler of reflection (worn)
Jewellery
 j - the amulet of invisibility (around neck) {+Inv}
   (You found it in the Dungeon)

   [amulet of nothing]

   +Inv:      It lets you turn invisible.
Scrolls
 g - a scroll of blinking
 h - a scroll of fog {unknown}
 i - 2 scrolls of identify {unknown}
Potions
 b - a potion of curing
 c - 2 potions of heal wounds
 d - a potion of haste
 e - 2 potions of magic
 f - a potion of berserk rage


   Skills:
 - Level 1.5 Dodging
 - Level 4.0 Stealth
 * Level 12.0 Spellcasting
 + Level 12.3 Ice Magic
 - Level 2.0 Evocations


You had 24 spell levels left.
You knew the following spells:

 Your Spells              Type           Power      Damage    Failure   Level
a - Freeze                Ice            100%       1d11      1%          1
b - Frozen Ramparts       Ice            100%       1d12      1%          3
c - Ozocubu's Armour      Ice            51%        N/A       1%          3

Your spell library contained the following spells:

 Spells                   Type           Power      Damage    Failure   Level
 Hailstorm                Conj/Ice       31%        3d8       8%          4


Dungeon Overview and Level Annotations

Branches:
Dungeon (1/1)

Altars:
Cheibriados
Dithmenos
Elyvilon
Gozag
Hepliaklqana
Kikubaaqudgha
Makhleb
Nemelex Xobeh
Okawaru
Qazlal
Ru
Sif Muna
Trog
Uskayaw
Vehumet
Wu Jian
Xom
Yredelemnul
Zin
The Shining One
Beogh
Jiyva
Lugonu

Shops:
D (!:(


Innate Abilities, Weirdness & Mutations

You are immune to sickness and miasma.
Your stone body is resilient. (AC +5)
You are immune to poison.
You resist negative energy. (rN+)
You are resistant to electric shocks. (rElec)
You are resistant to unholy torment.
You are immune to petrification.


Message History

The killer bee is almost dead.
You flicker back into view.
The killer bee closely misses you. The killer bee stings you.
The queen bee stings you.
Casting: Freeze (safe; 1% risk of failure)
Confirm with . or Enter, or press ? or * to list all spells.
Aiming: Freeze (safe; 1% risk of failure)
Press: ? - help, Shift-Dir - straight line, f/p - killer bee
Aim: a killer bee (almost dead)
You freeze the killer bee!
You kill the killer bee!
Sif Muna accepts your kill. The killer bee misses you.
The queen bee barely misses you.
The killer bee buzzes angrily.
Your Spellcasting skill increases to level 12!
Casting: Freeze (safe; 1% risk of failure)
Confirm with . or Enter, or press ? or * to list all spells.
Aiming: Freeze (safe; 1% risk of failure)
Press: ? - help, Shift-Dir - straight line, f - killer bee
Aim: a killer bee You freeze the killer bee!
The killer bee is heavily wounded.
The killer bee stings you but does no damage.
The killer bee stings you. The killer bee barely misses you.
The killer bee stings you but does no damage.
The queen bee stings you!
* * * LOW HITPOINT WARNING * * *
Casting: Freeze (safe; 1% risk of failure)
Confirm with . or Enter, or press ? or * to list all spells.
Aiming: Freeze (safe; 1% risk of failure)
Press: ? - help, Shift-Dir - straight line, f/p - killer bee
Aim: a killer bee (heavily wounded)
You freeze the killer bee.
The killer bee is heavily wounded.
The killer bee stings you.
* * * LOW HITPOINT WARNING * * *
The killer bee stings you.
* * * LOW HITPOINT WARNING * * *
The killer bee stings you.
You die...

####################
#<..P#.....#.....#.⌠
#PP..'.....'.#...'..
#PPPP#.....#.#...#..
###############'##..
#..@♣........'...#._
#.yyy..♣.....#...###
#.....♣..♣..######
##+####+#####


You could see a queen bee and 2 killer bees.

Vanquished Creatures
  A burning bush (D)
  2 wandering mushrooms (D)
  3 scorpions (D)
  2 killer bees (D)
  4 oklob saplings (D)
  2 spriggans (D)
  A river rat (D)
  A rat (D)
16 creatures vanquished.

Notes
Turn   | Place    | Note
-------+----------+-------------------------------------------
     0 | D        | Zeld the Gargoyle Ice Elementalist began the quest for the
                  | Orb.
     0 | D        | Reached XP level 1. HP: 10/10 MP: 3/3
     9 | D        | Reached skill level 5 in Ice Magic
     9 | D        | Reached XP level 2. HP: 15/15 MP: 0/5
   168 | D        | Noticed an oklob sapling
   170 | D        | Killed an oklob sapling
   171 | D        | Reached XP level 3. HP: 19/19 MP: 4/8
   175 | D        | Learned a level 3 spell: Frozen Ramparts
   179 | D        | Learned a level 3 spell: Ozocubu's Armour
   180 | D        | Noticed a scorpion
   180 | D        | Found the amulet of invisibility {+Inv}
   184 | D        | Killed a scorpion
   185 | D        | Reached skill level 5 in Spellcasting
   185 | D        | Reached XP level 4. HP: 18/24 MP: 0/11
   595 | D        | Found an opulent altar of Gozag.
   595 | D        | Found a hazy altar of Hepliaklqana.
   595 | D        | Found a snail-covered altar of Cheibriados.
   596 | D        | Found a viscous altar of Jiyva.
   596 | D        | Found a burning altar of Makhleb.
   596 | D        | Found a sparkling altar of Nemelex Xobeh.
   596 | D        | Found a sacrificial altar of Ru.
   596 | D        | Found a shimmering blue altar of Sif Muna.
   596 | D        | Found a bloodstained altar of Trog.
   596 | D        | Found an ornate altar of the Wu Jian Council.
   596 | D        | Found a shimmering altar of Xom.
   596 | D        | Found a basalt altar of Yredelemnul.
   596 | D        | Noticed an oklob sapling priest
   597 | D        | Found an iron altar of Okawaru.
   597 | D        | Found a shadowy altar of Dithmenos.
   597 | D        | Found a glowing silver altar of Zin.
   598 | D        | Found a hide-covered altar of Uskayaw.
   598 | D        | Found an ancient bone altar of Kikubaaqudgha.
   599 | D        | Found a stormy altar of Qazlal.
   599 | D        | Found a glowing golden altar of the Shining One.
   599 | D        | Found a white marble altar of Elyvilon.
   600 | D        | Found a radiant altar of Vehumet.
   600 | D        | Found a corrupted altar of Lugonu.
   602 | D        | Became a worshipper of Sif Muna the Loreminder
   607 | D        | Killed an oklob sapling priest
   608 | D        | Reached XP level 5. HP: 28/28 MP: 6/13
   677 | D        | Reached skill level 1 in Evocations
   787 | D        | Reached * piety under Sif Muna
   804 | D        | Reached skill level 10 in Ice Magic
   804 | D        | Reached XP level 6. HP: 26/32 MP: 8/16
  1079 | D        | Found Nihat's Distillery.
  1079 | D        | Found Beneufeg's Weapon Emporium.
  1255 | D        | Noticed a burning bush
  1255 | D        | Noticed a wandering mushroom
  1256 | D        | Noticed a wandering mushroom
  1262 | D        | Killed a burning bush
  1262 | D        | Reached ** piety under Sif Muna
  1263 | D        | Reached XP level 7. HP: 24/36 MP: 10/20
  1266 | D        | Killed a wandering mushroom
  1266 | D        | Killed a wandering mushroom
  1267 | D        | Reached XP level 8. HP: 19/41 MP: 7/23
  1534 | D        | Found Ceddeapi's Weapon Emporium.
  1534 | D        | Found Voahaol's Book Shoppe.
  1582 | D        | Reached *** piety under Sif Muna
  1717 | D        | Noticed a queen bee
  1732 | D        | Slain by a killer bee

Illustrated notes

Levels and vault maps discovered:
D:        dungeon_sprint_fedhas [sprint_temple]

Skill      XL: |  1  2  3  4  5  6  7  8 |
---------------+-------------------------+-----
Ice Magic      | 5 6 8 9 10 11 12 | 12.3
Spellcasting   | 3 5 6 7 9 11 12 | 12.0
Evocations     | 2 |  2.0
Stealth        | 4 |  4.0
Dodging        | |  1.5

Action                   |  1- 3 |  4- 6 |  7- 9 || total
-------------------------+-------+-------+-------++-------
Melee: Unarmed           |     1 |       |       ||     1
 Cast: Freeze            |     7 |    11 |    15 ||    33
       Frozen Ramparts   |     1 |     3 |     2 ||     6
 Abil: Evoke Invisibilit |       |     4 |     2 ||     6
Armor: Robe              |       |       |     6 ||     6
Dodge: Dodged            |     2 |     3 |    15 ||    20
Block: Buckler           |       |       |     3 ||     3
